 Dungeon Crawl Stone Soup version 0.31-a0-267-g3fc6992b3b (webtiles) character file.

Game seed: 18247629115819052852

452 Querens the Ruffian (level 6, -4/62 HPs)
             Began as a Troll Monk on July 14, 2023.
             Slain by a gnoll
             ... wielding a +0 flail
             ... led by a gnoll bouda
              (9 damage)
             ... on level 4 of the Dungeon.
             The game lasted 00:08:13 (2032 turns).

Querens the Ruffian (Troll Monk)                    Turns: 2032, Time: 00:08:15

Health: -4/62      AC:  4    Str: 22    XL:     6   Next: 75%
Magic:  5/5        EV: 10    Int:  6    God:
Gold:   141        SH:  0    Dex: 12    Spells: 5/5 levels left

rFire   . .          .
                       - Unarmed
rCold   . . .        c - orb {light}
rNeg    . . .        a - +0 robe
rPois   .            (helmet restricted)
rElec   .            l - scarf {repulsion}
rCorr   .            (gloves unavailable)
SInv    .            (boots unavailable)
Will    ++...        w - amulet of regeneration
Stlth   +            d - ring of willpower
HPRegen 1.90/turn    g - ring of willpower
MPRegen 0.09/turn

%: repel missiles
@: glowing
A: large, unfitting armour, claws 3, regeneration 1, shaggy fur 1, tough skin 1
a: no special abilities


You were on level 4 of the Dungeon.
You visited 2 branches of the dungeon, and saw 5 of its levels.

You collected 141 gold pieces.

Inventory:

Armour
 a - a +0 robe (worn)
 c - an orb of light (worn)
 l - a scarf of repulsion (worn)
Jewellery
 d - a ring of willpower (left claw)
 g - a ring of willpower (right claw)
 h - a ring of positive energy
 w - an amulet of regeneration (around neck)
Talismans
 u - a storm talisman
Wands
 r - a wand of roots (8)
Scrolls
 e - a scroll of immolation {unknown}
 f - 3 scrolls of vulnerability {unknown}
 i - 3 scrolls of identify {unknown}
 k - a scroll of revelation {unknown}
 m - 2 scrolls of teleportation {unknown}
 o - a scroll of amnesia {unknown}
 p - a scroll of noise {unknown}
 s - a scroll of poison {unknown}
Potions
 b - 3 potions of ambrosia
 j - a potion of magic {unknown}
 n - a potion of might {unknown}
 q - a potion of curing {unknown}
 t - a potion of heal wounds {unknown}
 v - a potion of cancellation {unknown}


   Skills:
 + Level 4.1 Fighting
 + Level 3.0 Armour
 - Level 2.4 Dodging
 + Level 4.9 Unarmed Combat
 + Level 1.0 Shapeshifting


You had 5 spell levels left.
You didn't know any spells.
Your spell library contained the following spells:

 Spells                   Type           Power      Damage    Failure   Level
 Anguish                  Hex/Necr       0%         N/A       99%         4
 Cause Fear               Hex            0%         N/A       99%         4
 Olgreb's Toxic Radiance  Pois           0%         N/A       99%         4
 Enfeeble                 Hex            0%         N/A       100%        7
 Discord                  Hex            0%         N/A       100%        8
 Ignition                 Fire           0%         3d3       100%        8


Dungeon Overview and Level Annotations

Branches:
Dungeon (4/15)             Temple (1/1) D:4

Altars:
Ashenzari
Cheibriados
Dithmenos
Fedhas
Kikubaaqudgha
Makhleb
Nemelex Xobeh
Qazlal
Ru
Sif Muna
Trog
Uskayaw
Vehumet
Zin
The Shining One


Innate Abilities, Weirdness & Mutations

You are too large for most types of armour.
You have claws for hands.
Your natural rate of healing is unusually fast.
You are covered in fur. (AC +1)
You have tough skin. (AC +1)


Message History

The gnoll is moderately wounded.
The gnoll hits you with a +0 spear.
The gnoll hits you from afar with a +0 spear.
The gnoll closely misses you. The gnoll barely misses you.
The gnoll closely misses you.
You barely miss the gnoll.
The gnoll is moderately wounded.
The gnoll hits you with a +0 spear. The gnoll closely misses you.
The gnoll hits you but does no damage. The gnoll barely misses you.
Unknown command.
Unknown command.
You scratch the gnoll.
The gnoll is severely wounded.
The gnoll hits you with a +0 flail. The gnoll hits you with a +0 spear.
The gnoll barely misses you. The gnoll hits you with a +0 club.
The gnoll hits you with a +0 halberd.
Unknown command.
Unknown command.
You claw the gnoll!
You kill the gnoll!
The gnoll hits you with a +0 flail!
The gnoll hits you from afar with a +0 spear.
The gnoll hits you with a +0 halberd.
Unknown command.
Unknown command.
You barely miss the gnoll. The gnoll hits you with a +0 flail!
The gnoll hits you with a +0 club. The gnoll misses you.
The gnoll bouda barely misses you.
The gnoll hits you from afar with a +0 spear.
* * * LOW HITPOINT WARNING * * *
Unknown command.
Unknown command.
The gnoll attacks as you move away! The gnoll hits you with a +0 halberd!
* * * LOW HITPOINT WARNING * * *
The gnoll attacks as you move away! The gnoll hits you but does no damage.
The gnoll bouda attacks as you move away!
The gnoll bouda hits you with a +0 whip.
* * * LOW HITPOINT WARNING * * *
The gnoll hits you with a +0 flail!
You die...

##### ##### #...#
#...# #...## #...#
#>.....##...#
#.g.##......#
#.gg####....#
#.g.g...##..######.
#.@.###............
#...# #.#.....####.
#...# #.#.#.#.## #.
#...# #.....#..# #.
##### ###.####.###.
######.# #...#.
#......# ###...
##########......#
##..
#...............#
#..


You could see a gnoll bouda and 4 gnolls.

Vanquished Creatures
  A black bear (D:4)
  A phantom (D:4)
  A bullfrog (D:4)
  A scorpion (D:4)
  An iguana (D:4)
  A gnoll (D:4)
  4 adders
  A white imp (D:4)
  2 worms
  2 dart slugs
  7 orcs
  3 bats
  8 endoplasms
  A giant cockroach (D:4)
  4 goblins
  5 hobgoblins
  4 jackals (D:3)
  3 quokkas (D:1)
  5 ball pythons
  A frilled lizard (D:1)
  9 kobolds
  3 rats
68 creatures vanquished.

Notes
Turn   | Place    | Note
-------+----------+-------------------------------------------
     0 | D:1      | Querens the Troll Monk began the quest for the Orb.
     0 | D:1      | Reached XP level 1. HP: 22/22 MP: 0/0
   163 | D:1      | Reached XP level 2. HP: 25/29 MP: 1/1
   506 | D:1      | Reached skill level 1 in Armour
   772 | D:2      | Reached XP level 3. HP: 36/36 MP: 2/2
  1094 | D:3      | Reached XP level 4. HP: 44/45 MP: 3/3
  1394 | D:3      | Found a sparkling altar of Nemelex Xobeh.
  1656 | D:4      | Noticed a black bear
  1657 | D:4      | Found a staircase to the Ecumenical Temple.
  1664 | D:4      | Killed a black bear
  1665 | D:4      | Reached XP level 5. HP: 46/53 MP: 4/4
  1672 | Temple   | Entered the Ecumenical Temple
  1822 | D:4      | Reached XP level 6. HP: 52/62 MP: 5/5
  1855 | D:4      | Found a snail-covered altar of Cheibriados.
  2010 | D:4      | Reached skill level 1 in Shapeshifting
  2032 | D:4      | HP: 3/62 [gnoll bouda/+0 whip (3)]
  2032 | D:4      | Slain by a gnoll

Illustrated notes

Levels and vault maps discovered:
D:1:      spicycebolla_green_bress_n_ham_2, layout_loops_ring,
          minmay_pentomino_u2
D:2:      layout_rooms
D:3:      layout_basic, nemelex_dance_club_becter
D:4:      layout_basic, cheibriados_altar_1, minmay_temple_entry_sparse_star,
          biasface_ghost_orc_armoury
Temple:   nicolae_temple_figure_eight

Skill      XL: |  1  2  3  4  5  6 |
---------------+-------------------+-----
Armour         | 1 2 3 |  3.0
Fighting       | 3 4 |  4.1
Unarmed Combat | 4 |  4.9
Shapeshifting  | 1 |  1.0
Dodging        | |  2.4

Action                     |  1- 3 |  4- 6 || total
---------------------------+-------+-------++-------
  Melee: Unarmed           |    84 |    76 ||   160
Ability: Begin Untransform |       |     1 ||     1
 Armour: Robe              |    23 |    16 ||    39
  Dodge: Dodged            |    40 |    43 ||    83
         Repelled          |       |     1 ||     1
   Form: Storm             |       |     1 ||     1

Table legend: (Time is in decaauts)
 A = Elapsed time spent in this place.
 B = Non-inter-level travel time spent in this place.
 C = Inter-level travel time spent in this place.
 D = Time resting spent in this place.
 E = Time spent auto-exploring this place.
 F = Levels seen in this place.
 G = Mean time per level.
                   A        B        C        D        E       F      G
               +--------+--------+--------+--------+--------+-----+--------+
         Total |   2018 |   1916 |    102 |      0 |      0 |   5 |  403.6 |
       Dungeon |   1911 |   1817 |     94 |      0 |      0 |   4 |  477.8 |
        Temple |    106 |     98 |      8 |      0 |      0 |   1 |  106.0 |
               +--------+--------+--------+--------+--------+-----+--------+

Top non-repeatable levels by time:
     D:3: 641 daAuts
     D:1: 618 daAuts
     D:2: 356 daAuts
     D:4: 296 daAuts
  Temple: 106 daAuts
